 Dungeon Crawl Stone Soup version 0.29.1-15-g9cfb28693d (webtiles) character file.

Game seed: 145649414902965429

6102 Renzlar the Blocker (level 10, -7/82 HPs)
             Began as a Gnoll Fighter on Mar 3, 2023.
             Was a Priest of Okawaru.
             Mangled by a thrashing horror (9 damage)
             ... on level 2 of the Abyss.
             The game lasted 00:44:02 (8621 turns).

Renzlar the Blocker (Gnoll Fighter)                 Turns: 8621, Time: 00:44:02

Health: -7/82      AC: 12    Str: 26    XL:     10   Next: 88%
Magic:  18/18      EV: 12    Int:  8    God:    Okawaru [***...]
Gold:   456        SH:  6    Dex: 11    Spells: 17/20 levels left

rFire   . . .      SeeInvis .   b - +7 Throatcutter {drain, coup de grace}
rCold   . . .      Faith    .   g - +0 buckler
rNeg    . . .      Spirit   .   s - +1 scale mail
rPois   .          Reflect  .   t - +0 helmet
rElec   .          Harm     .   e - +0 cloak
rCorr   .          Rampage  .   (no gloves)
Will    .....                   (no boots)
Stlth   ++........              h - amulet of regeneration
HPRegen 1.03/turn               k - +6 ring of strength
MPRegen 0.16/turn               (no ring)

@: no status effects
A: fangs 1, strong nose, distributed training
a: Renounce Religion, Heroism


You were on level 2 of the Abyss.
You worshipped Okawaru.
Okawaru was most pleased with you.
You visited 2 branches of the dungeon, and saw 10 of its levels.
You visited the Abyss 1 time.

You collected 478 gold pieces.
You spent 22 gold pieces at shops.

Inventory:

Hand Weapons
 a - a +1 vampiric war axe
 b - the +7 Throatcutter (weapon) {drain, coup de grace}
   (You found it on level 3 of the Dungeon)

   A truly terrible weapon, it drains the life of any living foe it strikes.
   It may instantly kill foes which have little health.
 c - a +2 sling of freezing
 d - a +3 dagger
 v - a +5 flail of protection
Missiles
 l - 42 poisoned darts (quivered)
Armour
 e - a +0 cloak (worn)
 g - a +0 buckler (worn)
 s - a +1 scale mail (worn)
 t - a +0 helmet (worn)
Jewellery
 h - an amulet of regeneration (around neck)
 k - a +6 ring of strength (left hand)
 x - a ring of resist corrosion
 y - the ring of the Disbelieving Enemy {Fire Dex+6 Slay+2}
   (You acquired it on level 5 of the Dungeon)

   [ring of fire]

   It enhances your fire magic.
   Dex:       It affects your dexterity (+6).
   Slay:      It affects your accuracy & damage with ranged weapons and melee
   (+2).
   rF:        It protects you from fire.
   rC:        It makes you vulnerable to cold.
Wands
 p - a wand of flame (41)
Scrolls
 n - a scroll of fog
 r - 2 scrolls of teleportation
 w - a scroll of enchant weapon
 z - a scroll of enchant armour
 A - a scroll of amnesia
Potions
 f - a potion of haste
 i - a potion of heal wounds
 j - 2 potions of curing
 o - a potion of resistance {unknown}
 u - a potion of flight
 B - a potion of magic
 C - a potion of might


   Skills:
 + Level 8.9 Fighting
 + Level 5.9 Short Blades
 + Level 5.9 Long Blades
 + Level 7.5 Axes
 + Level 5.9 Maces & Flails
 + Level 5.9 Polearms
 + Level 5.9 Staves
 + Level 5.9 Ranged Weapons
 + Level 5.9 Throwing
 + Level 8.9 Armour
 + Level 5.9 Dodging
 + Level 5.9 Stealth
 + Level 8.9 Shields
 + Level 5.9 Unarmed Combat
 + Level 5.9 Spellcasting
 + Level 4.9 Conjurations
 + Level 4.9 Hexes
 + Level 4.9 Summonings
 + Level 4.9 Necromancy
 + Level 4.9 Translocations
 + Level 4.9 Transmutations
 + Level 4.9 Fire Magic
 + Level 4.9 Ice Magic
 + Level 4.9 Air Magic
 + Level 4.9 Earth Magic
 + Level 4.9 Poison Magic
 + Level 6.5 Invocations
 + Level 5.9 Evocations


You had 17 spell levels left.
You knew the following spells:

 Your Spells              Type           Power      Damage    Failure   Level
a - Portal Projectile     Hex/Tloc       20%        N/A       24%         3

Your spell library contained the following spells:

 Spells                   Type           Power      Damage    Failure   Level
 Magic Dart               Conj           40%        1d5       9%          1
 Slow                     Hex            40%        N/A       9%          1
 Blink                    Tloc           20%        N/A       12%         2
 Searing Ray              Conj           20%        2d5       12%         2
 Confusing Touch          Hex            10%        N/A       24%         3
 Gell's Gravitas          Tloc           10%        N/A       24%         3
 Lesser Beckoning         Tloc           10%        N/A       24%         3
 Teleport Other           Tloc           10%        N/A       24%         3
 Vampiric Draining        Necr           10%        2d6       24%         3
 Fulminant Prism          Conj/Hex       5%         3d7       63%         4
 Passage of Golubria      Tloc           10%        N/A       63%         4
 Blade Hands              Tmut           5%         N/A       92%         5
 Manifold Assault         Tloc           10%        N/A       92%         5
 Yara's Violent Unravell  Hex/Tmut       5%         3d4       92%         5
 Storm Form               Tmut/Air       5%         N/A       100%        7
 Tukima's Dance           Hex            Unusable   N/A       N/A         3

Dungeon Overview and Level Annotations

Branches:
Dungeon (9/15)             Temple (1/1) D:6             Orc (0/2) D:9
   Lair: D:8-11

Altars:
Cheibriados
Dithmenos
Elyvilon
Fedhas
Gozag
Kikubaaqudgha
Makhleb
Nemelex Xobeh
Okawaru
Qazlal
Sif Muna
Trog
Uskayaw
Vehumet
Xom
Zin
The Shining One

Shops:
D:4 *?*?

Annotations:
D:8 1 runed translucent door, Midpoint's ghost, novice DrTm
D:9 Erolcha


Innate Abilities, Weirdness & Mutations

You have very sharp teeth.
Your uncanny sense of smell can sniff out nearby items.
Your experience applies equally to all skills.


Message History

You hit the thrashing horror but do no damage.
You bite the thrashing horror, but do no damage.
You block the thrashing horror's attack.
The thrashing horror misses you.
Throw: 43 darts (poison)
Press: ? - help, Q - select action, (/) - cycle Shift-Dir - straight line, f/p - thrashing horror
Aim: a thrashing horror (63% to hit)
You throw a poisoned dart.
The poisoned dart barely misses the thrashing horror.
You slash the thrashing horror!
You bite the thrashing horror, but do no damage.
The thrashing horror is lightly damaged.
The thrashing horror tramples you.
* * * LOW HITPOINT WARNING * * *
You stumble backwards!
Unknown command.
You block the thrashing horror's attack.
The thrashing horror tramples you but does no damage.
You hit the thrashing horror.
The thrashing horror is lightly damaged.
The thrashing horror tramples you.
* * * LOW HITPOINT WARNING * * *
You hold your ground!
The thrashing horror completely misses you.
Unknown command.
You slash the thrashing horror!
The thrashing horror is moderately damaged.
The thrashing horror tramples you.
* * * LOW HITPOINT WARNING * * *
You hold your ground!
You block the thrashing horror's attack.
Unknown command.
You hit the thrashing horror.
The thrashing horror is moderately damaged.
The thrashing horror tramples you.
* * * LOW HITPOINT WARNING * * *
You hold your ground!
The thrashing horror tramples you.
* * * LOW HITPOINT WARNING * * *
You hold your ground!
The thrashing horror tramples you!
You die...

# .. # . .# ... .#..
. ##.# #....# ... .#
. . ... # ....#
#.### . . ##.# .###
. . # ### ###.##...
....##. ..#@#.#..#
... ..
.#.X#.#.#.####### .
..##.
##..#...#....~≈≈~~ #
... .# ..##
.....##.~ ~ ≈ .
.....# ...#.....# .
≈ . #
....#...............
. ...# .
.(..#.....#.... #.#
#
...#.#(.###...#.....
# . ## .###~
#..#.....


You could see a thrashing horror.

Vanquished Creatures
  Joseph (D:8)
  A kobold demonologist (D:8)
  Grinder (D:4)
  A large abomination (Abyss:2)
  An acid dragon (D:9)
  Edmund (D:4)
  A water moccasin (D:7)
  2 ice beasts
  3 orc warriors
  A sky beast (D:7)
  2 black bears
  2 centaurs
  3 ogres
  2 kobold brigands
  4 necrophages
  8 bullfrogs
  A gnoll sergeant (D:5)
  4 scorpions
  15 wights
  9 killer bees
  5 howler monkeys
  A jelly (D:6)
  A gnoll bouda (D:7)
  4 hounds
  9 orc priests
  Crazy Yiuf (D:2)
  2 iguanas
  8 orc wizards
  Robin (D:4)
  7 adders
  15 gnolls
  A white imp (D:6)
  2 ufetubi
  2 worms
  A dart slug (D:2)
  32 orcs
  9 endoplasms
  7 giant cockroaches
  13 goblins
  9 hobgoblins
  6 jackals
  4 quokkas
  11 ball pythons
  7 bats
  2 frilled lizards (D:2)
  24 kobolds
  7 rats
254 creatures vanquished.

Vanquished Creatures (others)
  5 toadstools (D:1)
5 creatures vanquished.

Grand Total: 259 creatures vanquished

Notes
Turn   | Place    | Note
-------+----------+-------------------------------------------
     0 | D:1      | Renzlar the Gnoll Fighter began the quest for the Orb.
     0 | D:1      | Reached XP level 1. HP: 23/23 MP: 1/1
   101 | D:1      | Reached XP level 2. HP: 29/29 MP: 2/2
   341 | D:1      | Found a faded altar of an unknown god.
   914 | D:1      | Reached XP level 3. HP: 33/35 MP: 3/3
  1076 | D:2      | Reached skill level 1 in Invocations
  1218 | D:2      | Reached skill level 1 in Short Blades
  1218 | D:2      | Reached skill level 1 in Long Blades
  1218 | D:2      | Reached skill level 1 in Maces & Flails
  1218 | D:2      | Reached skill level 1 in Polearms
  1218 | D:2      | Reached skill level 1 in Staves
  1218 | D:2      | Reached skill level 1 in Ranged Weapons
  1218 | D:2      | Reached skill level 1 in Throwing
  1218 | D:2      | Reached skill level 1 in Dodging
  1218 | D:2      | Reached skill level 1 in Stealth
  1218 | D:2      | Reached skill level 1 in Unarmed Combat
  1218 | D:2      | Reached skill level 1 in Spellcasting
  1218 | D:2      | Reached skill level 1 in Evocations
  1230 | D:2      | Reached XP level 4. HP: 33/41 MP: 5/5
  1383 | D:2      | Found a blossoming altar of Fedhas.
  1450 | D:2      | Reached skill level 1 in Conjurations
  1450 | D:2      | Reached skill level 1 in Hexes
  1450 | D:2      | Reached skill level 1 in Summonings
  1450 | D:2      | Reached skill level 1 in Necromancy
  1450 | D:2      | Reached skill level 1 in Translocations
  1450 | D:2      | Reached skill level 1 in Transmutations
  1450 | D:2      | Reached skill level 1 in Fire Magic
  1450 | D:2      | Reached skill level 1 in Ice Magic
  1450 | D:2      | Reached skill level 1 in Air Magic
  1450 | D:2      | Reached skill level 1 in Earth Magic
  1450 | D:2      | Reached skill level 1 in Poison Magic
  1769 | D:2      | Found a runed translucent door.
  1770 | D:2      | Noticed Crazy Yiuf
  1779 | D:2      | Killed Crazy Yiuf
  1780 | D:2      | Reached XP level 5. HP: 25/47 MP: 5/7
  2468 | D:3      | Found the +7 Throatcutter {drain, coup de grace}
  2951 | D:4      | Noticed Robin
  2956 | D:4      | Killed Robin
  3061 | D:4      | Found Raskon's Assorted Antiques.
  3069 | D:4      | Noticed Grinder
  3078 | D:4      | Killed Grinder
  3079 | D:4      | Reached skill level 5 in Axes
  3079 | D:4      | Reached XP level 6. HP: 35/53 MP: 7/9
  3234 | D:4      | Reached XP level 7. HP: 60/60 MP: 10/10
  3339 | D:4      | Found Zontaas's Magic Scroll Boutique.
  3548 | D:4      | Noticed Edmund
  3556 | D:4      | Killed Edmund
  3672 | D:4      | Found Loikhliq's Assorted Antiques.
  3718 | D:4      | Bought a scroll labelled UCKEFI REL JENT for 22 gold pieces
  3920 | D:4      | Reached XP level 8. HP: 67/67 MP: 12/12
  3954 | D:4      | Found Apsuitax's Magic Scroll Emporium.
  4091 | D:5      | Entered Level 5 of the Dungeon
  4431 | D:5      | Identified a scroll of acquirement
  4431 | D:5      | Acquired the ring of the Disbelieving Enemy {Fire Dex+6
                  | Slay+2}
  4945 | D:6      | Reached XP level 9. HP: 73/73 MP: 14/14
  5075 | D:6      | Found an ancient bone altar of Kikubaaqudgha.
  5078 | D:6      | Found a staircase to the Ecumenical Temple.
  5087 | Temple   | Entered the Ecumenical Temple
  5155 | Temple   | Became a worshipper of Warmaster Okawaru
  5302 | D:6      | Reached skill level 5 in Invocations
  5501 | D:6      | Reached * piety under Okawaru
  5661 | D:6      | Found a blossoming altar of Fedhas.
  5664 | D:6      | Found an opulent altar of Gozag.
  5664 | D:6      | Found a sparkling altar of Nemelex Xobeh.
  6055 | D:7      | Reached skill level 5 in Short Blades
  6055 | D:7      | Reached skill level 5 in Long Blades
  6055 | D:7      | Reached skill level 5 in Maces & Flails
  6055 | D:7      | Reached skill level 5 in Polearms
  6055 | D:7      | Reached skill level 5 in Staves
  6055 | D:7      | Reached skill level 5 in Ranged Weapons
  6055 | D:7      | Reached skill level 5 in Throwing
  6055 | D:7      | Reached skill level 5 in Dodging
  6055 | D:7      | Reached skill level 5 in Stealth
  6055 | D:7      | Reached skill level 5 in Unarmed Combat
  6055 | D:7      | Reached skill level 5 in Spellcasting
  6055 | D:7      | Reached skill level 5 in Evocations
  6055 | D:7      | Reached XP level 10. HP: 66/81 MP: 17/17
  6678 | D:8      | Noticed Midpoint's ghost (novice DrTm)
  6678 | D:8      | Found a runed translucent door.
  6678 | D:8      | Found a shimmering altar of Xom.
  6680 | D:8      | Noticed a +2 rapier of chaos
  6752 | D:8      | Noticed Joseph
  6772 | D:8      | Killed Joseph
  6772 | D:8      | Reached ** piety under Okawaru
  7752 | D:9      | Noticed a kobold demonologist
  7752 | D:9      | Found a staircase to the Orcish Mines.
  7777 | D:9      | Noticed an orange demon
  7816 | D:8      | Killed a kobold demonologist
  7831 | D:9      | Reached *** piety under Okawaru
  7858 | D:9      | Found a burning altar of Makhleb.
  7923 | D:9      | Found a shadowy altar of Dithmenos.
  8197 | D:9      | Learned a level 3 spell: Portal Projectile
  8397 | D:9      | Noticed Erolcha
  8519 | Abyss:2  | Cast into level 2 of the Abyss (Erolcha)
  8579 | Abyss:2  | Noticed a large abomination
  8585 | Abyss:2  | Noticed a large abomination
  8587 | Abyss:2  | Noticed a thrashing horror
  8620 | Abyss:2  | HP: 2/82 [thrashing horror (5)]
  8621 | Abyss:2  | Mangled by a thrashing horror

Illustrated notes

Levels and vault maps discovered:
D:1:      ldierk_walled_garden, layout_basic,
          hellmonk_ecumenical_altar_heavens_door, wad_floor_pattern_2
D:2:      layout_rooms, basic_altar, uniq_crazy_yiuf_cottage
D:3:      layout_basic, dilly_guarded_unrand_throatcut
D:4:      layout_basic, serial_shops, shop, nicolae_shop_behind_doors, shop,
          shop, uniq_grinder, uniq_edmund, uniq_robin
D:5:      layout_basic
D:6:      nicolae_cairo_tiling, layout_cave_pools, grunt_temple_overflow_open,
          minmay_temple_entry_mist, patterned_corridor
D:7:      layout_gridville
D:8:      layout_layer_cave, ebering_ghost_xom, uniq_joseph
D:9:      layout_loops_cross, lemuel_coloured_pillars_altar,
          mainiacjoe_overflow_catwalk, uniq_erolcha
Temple:   eino_temple_rhombus
Abyss:2:  base:
D:2

Skill      XL: |  1  2  3  4  5  6  7  8  9 10 |
---------------+-------------------------------+-----
Invocations    | 1 2 3 4 5 6 |  6.5
Short Blades   | 1 2 3 5 |  5.9
Long Blades    | 1 2 3 5 |  5.9
Maces & Flails | 1 2 3 5 |  5.9
Polearms       | 1 2 3 5 |  5.9
Staves         | 1 2 3 5 |  5.9
Ranged Weapons | 1 2 3 5 |  5.9
Throwing       | 1 2 3 5 |  5.9
Dodging        | 1 2 3 5 |  5.9
Stealth        | 1 2 3 5 |  5.9
Unarmed Combat | 1 2 3 5 |  5.9
Spellcasting   | 1 2 3 5 |  5.9
Evocations     | 1 2 3 5 |  5.9
Conjurations   | 1 2 3 4 |  4.9
Hexes          | 1 2 3 4 |  4.9
Summonings     | 1 2 3 4 |  4.9
Necromancy     | 1 2 3 4 |  4.9
Translocations | 1 2 3 4 |  4.9
Transmutations | 1 2 3 4 |  4.9
Fire Magic     | 1 2 3 4 |  4.9
Ice Magic      | 1 2 3 4 |  4.9
Air Magic      | 1 2 3 4 |  4.9
Earth Magic    | 1 2 3 4 |  4.9
Poison Magic   | 1 2 3 4 |  4.9
Axes           | 5 6 7 |  7.5
Fighting       | 7 8 |  8.9
Armour         | 7 8 |  8.9
Shields        | 7 8 |  8.9

Action                   |  1- 3 |  4- 6 |  7- 9 | 10-12 || total
-------------------------+-------+-------+-------+-------++-------
Melee: War axe           |    56 |    73 |       |       ||   129
       Bite              |     4 |    12 |    22 |    14 ||    52
       Long sword        |       |    58 |   206 |   127 ||   391
 Fire: Sling             |    45 |    55 |    21 |    76 ||   197
Throw: Throwing net      |       |       |       |     4 ||     4
       Dart              |       |       |       |     2 ||     2
Invok: Heroism           |       |       |       |     2 ||     2
  Use: Scroll            |     9 |     5 |     8 |     4 ||    26
       Potion            |       |     3 |       |     3 ||     6
 Stab: Sleeping          |       |       |     1 |       ||     1
       Invisible         |       |       |       |     5 ||     5
Armor: Scale mail        |    22 |    55 |    48 |    56 ||   181
Dodge: Dodged            |    37 |    75 |    86 |   110 ||   308
Block: Buckler           |    16 |    43 |    67 |    58 ||   184
